 Dungeon Sprint DCSS version 0.19-a0-1005-gf5a4b3b (webtiles) character file.

340 Musica the Summoner (level 6, -2/32 HPs)
             Began as a Tengu Summoner on July 19, 2016.
             Was a Follower of Sif Muna.
             Slain by Sonja
             ... wielding a +0 dagger of distortion
              (3 damage)
             ... in the Dungeon (Sprint I: "Red Sonja").
             The game lasted 00:04:39 (439 turns).

Musica the Summoner (Tengu Summoner)                 Turns: 439, Time: 00:04:40

Health: -2/32      AC:  2    Str:  8    XL:     6   Next: 56%
Magic:  2/16       EV: 13    Int: 17    God:    Sif Muna [*.....]
Gold:   325        SH:  0    Dex: 15    Spells: 5 memorised, 3 levels left

rFire  . . .     SeeInvis .     l - +0 scythe
rCold  . . .     Gourm    .     a - +0 robe
rNeg   . . .     Faith    .     (shield currently unavailable)
rPois  .         Spirit   .     (helmet restricted)
rElec  .         Dismiss  .     (no cloak)
rCorr  .         Reflect  .     (no gloves)
SustAt .         Harm     .     (boots unavailable)
MR     .....     NoTele   +     (no amulet)
Stlth  ++........               (no ring)
                                (no ring)

@: slowed, very slow, not resistant to hostile enchantments, unstealthy
A: beak, talons 3, able to fly 1
a: Fly, Divine Energy, Renounce Religion


You were in the Dungeon.
You worshipped Sif Muna.
Sif Muna was aware of your devotion.
You were hungry.

You visited 1 branch You collected 325 gold pieces.

Inventory:

Hand Weapons
 l - a +0 scythe (weapon)
Armour
 a - a +0 robe (worn)
Wands
 j - a wand of slowing (16/48)
Scrolls
 i - a scroll of blinking
Potions
 f - a potion of haste
 g - 2 potions of magic
Books
 b - a book of Callings

   Spells                             Type                      Level
   a - Summon Small Mammal            Summoning                    1
   b - Call Imp                       Summoning                    2
   c - Call Canine Familiar           Summoning                    3
   d - Summon Guardian Golem          Hexes/Summoning              3
   e - Summon Lightning Spire         Summoning/Air                4
   f - Summon Ice Beast               Ice/Summoning                4
Comestibles
 c - a bread ration
 k - 5 chunks of flesh


   Skills:
 - Level 2.1 Dodging
 - Level 2.0 Stealth
 + Level 6.4 Spellcasting
 + Level 13.3 Summonings
 * Level 3.6 Ice Magic


You had 3 spell levels left.
You knew the following spells:

 Your Spells              Type           Power        Failure   Level  Hunger
a - Summon Small Mammal   Summ           ####         1%          1    None
b - Call Imp              Summ           ######..     1%          2    None
c - Call Canine Familiar  Summ           ######..     1%          3    ##.....
d - Summon Ice Beast      Ice/Summ       ####....     4%          4    ####...
e - Summon Lightning Spi  Summ/Air       ####....     10%         4    ####...


Dungeon Overview and Level Annotations

Branches:
Dungeon (1/1)

Altars:
Cheibriados
Dithmenos
Elyvilon
Fedhas
Gozag
Hepliaklqana
Kikubaaqudgha
Makhleb
Nemelex Xobeh
Okawaru
Pakellas
Qazlal
Ru
Sif Muna
Trog
Uskayaw
Vehumet
Xom
Yredelemnul
Zin
The Shining One
Jiyva

Shops:
D =

Annotations:
D Sonja


Innate Abilities, Weirdness & Mutations

You have a beak for a mouth.
You have claws for feet.
You can fly.


Message History

r - Retreat! s - Stop attacking. g - Guard the area. f - Follow me.
Anything else - Cancel.
Gang up on whom?
Press: ? - help, Dir - move target cursor, f/p - Sonja
Aim: Sonja, wielding a dagger of distortion (lightly wounded)
Okay, then.
Unknown command.
You feel much better. Sonja misses you.
Sonja hits you with an uncursed dagger of distortion.
Space bends around you.
Sonja hits you with an uncursed dagger of distortion.
Space warps horribly around you!
* * * LOW HITPOINT WARNING * * *
Your wolf closely misses Sonja.
Sonja hits you with an uncursed dagger of distortion.
* * * LOW HITPOINT WARNING * * *
Sonja barely misses you.
Sonja hits you with an uncursed dagger of distortion.
You die...

###################
#<.#..')[#..'..#__#
#..'..#..'..#..'..+
#.)#####'#####'#__#
#..####..#...#.####
#..#__####@h##.#
#..#_____##K#..+
#⌠⌠#_.∩..Y((Y._#
####_._.K##_8#'#
#_____###'#)#
####### .### .$ .$#
.##


You could see Sonja, a friendly ice beast, a friendly wolf and a friendly
lightning spire.

Vanquished Creatures
  A yak (D)
1 creature vanquished.

Vanquished Creatures (collateral kills)
  A slime creature (D)
  Sigmund (D)
  An ogre (D)
  A jelly (D)
  Ijyb (D)
5 creatures vanquished.

Grand Total: 6 creatures vanquished

Notes
Turn   | Place    | Note
-------+----------+-------------------------------------------
     0 | D        | Musica the Tengu Summoner began the quest for the Orb.
     0 | D        | Reached XP level 1. HP: 10/10 MP: 4/4
     6 | D        | Noticed Ijyb
    16 | D        | Killed Ijyb
    16 | D        | Reached skill level 7 in Summonings
    16 | D        | Reached XP level 2. HP: 8/15 MP: 0/6
    20 | D        | Learned a level 2 spell: Call Imp
   138 | D        | Noticed an ogre
   146 | D        | Killed an ogre
   146 | D        | Reached skill level 9 in Summonings
   146 | D        | Reached XP level 3. HP: 19/19 MP: 1/9
   152 | D        | Learned a level 3 spell: Call Canine Familiar
   167 | D        | Noticed Sigmund
   183 | D        | Killed Sigmund
   183 | D        | Reached skill level 11 in Summonings
   183 | D        | Reached XP level 4. HP: 13/24 MP: 2/11
   183 | D        | Gained mutation: You can fly. [Tengu growth]
   183 | D        | Reached XP level 5. HP: 16/28 MP: 2/13
   189 | D        | Learned a level 4 spell: Summon Ice Beast
   226 | D        | Found a snail-covered altar of Cheibriados.
   226 | D        | Found a viscous altar of Jiyva.
   226 | D        | Found a shadowy altar of Dithmenos.
   226 | D        | Found a blossoming altar of Fedhas.
   226 | D        | Noticed a slime creature
   232 | D        | Killed a slime creature
   232 | D        | Reached skill level 5 in Spellcasting
   232 | D        | Reached skill level 12 in Summonings
   232 | D        | Reached XP level 6. HP: 23/32 MP: 1/15
   332 | D        | Found a deep blue altar of Sif Muna.
   338 | D        | Found a radiant altar of Vehumet.
   350 | D        | Became a worshipper of Sif Muna the Loreminder
   355 | D        | Found Lodept's Jewellery Emporium.
   355 | D        | Found a white marble altar of Elyvilon.
   355 | D        | Found a stormy altar of Qazlal.
   355 | D        | Found a burning altar of Makhleb.
   355 | D        | Found a sacrificial altar of Ru.
   355 | D        | Found a hazy altar of Hepliaklqana.
   355 | D        | Found an oddly glowing altar of Pakellas.
   355 | D        | Found a hide-covered altar of Uskayaw.
   355 | D        | Found a basalt altar of Yredelemnul.
   355 | D        | Found a glowing golden altar of the Shining One.
   355 | D        | Found a sparkling altar of Nemelex Xobeh.
   355 | D        | Found a shimmering altar of Xom.
   355 | D        | Found an opulent altar of Gozag.
   355 | D        | Found an ancient bone altar of Kikubaaqudgha.
   355 | D        | Found a glowing silver altar of Zin.
   355 | D        | Noticed a yak
   361 | D        | Killed a yak
   361 | D        | Reached * piety under Sif Muna
   361 | D        | Reached skill level 13 in Summonings
   365 | D        | Found an iron altar of Okawaru.
   389 | D        | Found a bloodstained altar of Trog.
   423 | D        | Learned a level 4 spell: Summon Lightning Spire
   427 | D        | Noticed Sonja
   439 | D        | HP: 1/32 [Sonja/uncursed dagger of distortion (3)]
   439 | D        | Slain by Sonja

Vault maps used:
D:        dungeon_sprint_1

Skill      XL: |  1  2  3  4  5  6 |
---------------+-------------------+-----
Summonings     | 7 9 11 12 13 | 13.3
Spellcasting   | 3 4 5 6 |  6.4
Ice Magic      | 2 3 |  3.6
Dodging        | |  2.1
Stealth        | |  2.0

Action                   |  1- 3 |  4- 6 || total
-------------------------+-------+-------++-------
Melee: Unarmed           |     2 |       ||     2
       Kick              |     2 |       ||     2
       Scythe            |       |     2 ||     2
 Cast: Summon Small Mamm |     4 |       ||     4
       Call Imp          |     3 |       ||     3
       Call Canine Famil |     1 |     2 ||     3
       Summon Ice Beast  |       |     6 ||     6
       Summon Lightning  |       |     1 ||     1
Evoke: Wand              |     2 |       ||     2
  Use: Potion            |       |     3 ||     3
Armor: Robe              |     1 |     1 ||     2
Dodge: Dodged            |     1 |     4 ||     5
